 Dungeon Crawl Stone Soup version 5.1-80-g04056d8 (webtiles) character file.

45 tatters the Sneak (level 4, -1/27 HPs)
             Began as a Deep Elf Wanderer on Nov 9, 2017.
             Slain by a scorpion (5 damage)
             ... on level 4 of the Dungeon.
             The game lasted 00:05:00 (2194 turns).

tatters the Sneak (Deep Elf Wanderer)               Turns: 2194, Time: 00:05:01

Health: -1/27      AC:  8 (14%)Str:  5  XL:     4   Next: 34%
Magic:  6/6        EV: 13    Int: 19    God:
Gold:   142        SH:  0    Dex: 17    Spells: 3/3 levels left

rFire    . . .     SeeInvis .   p - +2 dagger (vamp)
rCold    . . .     Faith    .   (no shield)
rNeg     . . .     Spirit   .   a - +2 leather armour
rPois    .         Reflect  .   m - +0 helmet
rElec    .                      o - +0 cloak
rCorr    .                      (no gloves)
MR       .....                  n - +0 pair of boots
Stlth    +++.......             b - amulet of magic regeneration
Regen    0.1/turn               (no ring)
MPRegen  0.5/turn               (no ring)

@: no status effects
A: no striking features
a: no special abilities


You were on level 4 of the Dungeon.
You were not hungry.

You visited 1 branch of the dungeon, and saw 4 of its levels.

You collected 142 gold pieces.

Inventory:

Hand Weapons
 c - a +0 rapier
 e - a +0 spear
 p - a +2 vampiric dagger (weapon)
Missiles
 d - 1221 stones
 i - 186 arrows
 j - 81 javelins (quivered)
Armour
 a - a +2 leather armour (worn)
 m - a +0 helmet (worn)
 n - a +0 pair of boots (worn)
 o - a +0 cloak (worn)
Jewellery
 b - an amulet of magic regeneration (around neck)
 k - a +3 ring of protection
Scrolls
 h - 2 scrolls of enchant weapon
 l - a scroll of teleportation
 q - 2 scrolls of fog
Potions
 f - a potion of flight
 g - 2 potions of resistance
 r - a potion of magic
 s - a potion of lignification


   Skills:
 - Level 2.4 Fighting
 + Level 3.0 Blades
 - Level 1.0 Throwing
 - Level 3.6 Dodging
 - Level 4.0 Stealth
 - Level 1.1 Evocations


You had 3 spell levels left.
You didn't know any spells.

Dungeon Overview and Level Annotations

Branches:
Dungeon (4/15)

Altars:
Cheibriados
Jiyva
Zin


Message History

The scorpion barely misses you.
You barely miss the scorpion.
The scorpion is severely wounded.
The scorpion misses you.
You hit the scorpion but do no damage.
The scorpion is severely wounded.
The scorpion stings you (8)!
You barely miss the scorpion.
The scorpion is severely wounded.
You barely miss the scorpion.
The scorpion is severely wounded.
The scorpion stings you but does no damage.
You barely miss the scorpion.
The scorpion is severely wounded.
The scorpion stings you (5).
* * * LOW HITPOINT WARNING * * *
You hit the scorpion but do no damage.
The scorpion is severely wounded.
The scorpion stings you (5).
You die...

###### +.(..# #....
#...#######
#...##....#
#...##....#
#...)..@s.#
####+###..........#
#......#..........#
#......'..........#
#...####.####+#####
#...######
#........#
#........#
######...#


You could see a scorpion.

Vanquished Creatures
  A worker ant (D:3)
  3 adders (D:2)
  A quokka (D:1)
  5 giant cockroaches (D:1)
  4 goblins
  5 hobgoblins
  6 jackals
  3 bats
  5 frilled lizards
  3 kobolds
  3 rats
39 creatures vanquished.

Notes
Turn   | Place    | Note
-------+----------+-------------------------------------------
     0 | D:1      | tatters the Deep Elf Wanderer began the quest for the Orb.
     0 | D:1      | tatters set off with: a +2 leather armour, a potion of lignification, a +0 rapier
     0 | D:1      | Reached XP level 1. HP: 13/13 MP: 3/3
    70 | D:1      | Reached skill level 2 in Stealth
   141 | D:1      | Reached XP level 2. HP: 18/18 MP: 4/4
   652 | D:1      | Reached skill level 3 in Stealth
   820 | D:2      | Found a snail-covered altar of Cheibriados.
   872 | D:2      | Reached XP level 3. HP: 22/22 MP: 5/5
  1043 | D:2      | Found a glowing silver altar of Zin.
  1443 | D:2      | Found a viscous altar of Jiyva.
  1532 | D:2      | Reached skill level 4 in Stealth
  1633 | D:2      | Found a faded altar of an unknown god.
  1756 | D:2      | Reached XP level 4. HP: 27/27 MP: 6/6
  2194 | D:4      | Slain by a scorpion

Skill      XL: |  1  2  3  4 |
---------------+-------------+-----
Stealth        | 2 3 4 |  4.0
Blades         | 2 3 |  3.0
Fighting       | |  2.4
Throwing       | |  1.0
Dodging        | |  3.6
Evocations     | |  1.1

Action                   |  1- 3 |  4- 6 || total
-------------------------+-------+-------++-------
Melee: Rapier            |   147 |       ||   147
       Dagger            |    24 |    46 ||    70
Throw: Javelin           |       |     7 ||     7
Evoke: Wand              |       |     2 ||     2
  Use: Potion            |     1 |     2 ||     3
 Stab: Sleeping          |    10 |       ||    10
Armor: Leather armour    |    63 |    13 ||    76
       Skin              |     9 |       ||     9
Dodge: Dodged            |   117 |    25 ||   142
